 Dungeon Crawl Stone Soup version 0.19.1 (webtiles) character file.

776 Aksej the Chopper (level 7, 0/52 HPs)
             Began as a Demonspawn Gladiator on Dec 14, 2016.
             Slain by a gnoll
             ... wielding a +0 spear
              (2 damage)
             ... on level 4 of the Dungeon.
             The game lasted 00:08:02 (3782 turns).

Aksej the Chopper (Demonspawn Gladiator)            Turns: 3782, Time: 00:08:03

Health: 0/52       AC:  7    Str: 17    XL:     7   Next: 54%
Magic:  7/7        EV: 10    Int: 10    God:
Gold:   203        SH:  0    Dex: 13    Spells: 0 memorised, 6 levels left

rFire  . . .     SeeInvis .     a - +1 war axe
rCold  . . .     Gourm    .     k - +0 scale mail
rNeg   . . .     Faith    .     (no shield)
rPois  .         Spirit   .     c - +0 helmet
rElec  .         Reflect  .     (no cloak)
rCorr  .         Harm     .     (no gloves)
MR     .....                    (no boots)
Stlth  ..........               (no amulet)
                                (no ring)
                                (no ring)

@: lethally poisoned (0 -> -7)
A: talons 2, foul stench 1, rot immunity
a: no special abilities


You were on level 4 of the Dungeon.
You were not hungry.

You visited 1 branch of the dungeon, and saw 4 of its levels.

You collected 203 gold pieces.

Inventory:

Hand Weapons
 a - a +1 war axe (weapon)
Missiles
 b - 6 tomahawks (quivered)
 i - 6 javelins
Armour
 c - a +0 helmet (worn)
 k - a +0 scale mail (worn)
Wands
 g - a wand of teleportation (1/9)
Scrolls
 e - 3 scrolls of teleportation
 j - a scroll of remove curse
 l - 2 scrolls of identify
Potions
 h - a potion of magic
Comestibles
 f - 5 bread rations
 m - 3 meat rations
 n - a beef jerky


   Skills:
 + Level 3.2 Fighting
 * Level 7.2 Axes
 + Level 2.1 Throwing
 + Level 2.2 Armour
 + Level 2.9 Dodging


You had 6 spell levels left.
You didn't know any spells.

Dungeon Overview and Level Annotations

Branches:
Dungeon (4/15)
 Temple: D:4-7

Altars:
Dithmenos
Gozag
Kikubaaqudgha
Makhleb
Nemelex Xobeh
Okawaru
Vehumet
Zin

Shops:
D:4 =


Innate Abilities, Weirdness & Mutations

You have razor-sharp toenails.
You may emit foul miasma when damaged in melee.
You are immune to rotting.


Message History

You kill the gnoll!
You feel sick.
The gnoll sergeant hits you but does no damage.
You are more poisoned.
The gnoll hits you from afar with a spear.
* * * LOW HITPOINT WARNING * * *
The gnoll barely misses you.
You slash the gnoll sergeant!
You kill the gnoll sergeant!
Your scale mail prevents you from hitting the gnoll.
* * * LOW HITPOINT WARNING * * *
You feel sick.
The gnoll hits you from afar with a spear.
* * * LOW HITPOINT WARNING * * *
The gnoll hits you but does no damage.
It was a potion of cure mutation.
It has a very clean taste.
* * * LOW HITPOINT WARNING * * *
You feel sick.
The gnoll hits you from afar with a spear.
You die...

...## #..# ####......#
....###..#####.........#
.....##..##............#
.....###...............#
.....# #...............#
.....# #..........>....#
.....# #....≈≈≈≈.≈≈≈≈..#
.....# #....≈##≈.≈##≈..#
..<.## #....≈###@## ≈..#
....# #....≈≈#§gg# ....#
##....≈≈#.[g# ## ...##
#.....≈≈#.(.# ..# ...#
#.....≈###### ≈..# #..#
#.....≈##≈≈≈##≈.. ####
#.....≈≈≈≈≈≈≈≈≈#
#.............#
#.............#


You could see 3 gnolls.

Vanquished Creatures
  The ghost of TheForgottenOwl the Slasher, an amateur MiFi (D:3)
  A phantom (D:4)
  A gnoll sergeant (D:4)
  2 scorpions (D:4)
  A crimson imp (D:4)
  A hound (D:4)
  An orc priest (D:3)
  3 orc wizards (D:3)
  Jessica (D:3)
  2 gnolls
  6 adders
  An ooze (D:2)
  7 worms
  3 dart slugs (D:1)
  A leopard gecko (D:3)
  10 orcs (D:3)
  A giant cockroach (D:1)
  10 goblins
  7 hobgoblins
  6 jackals
  2 quokkas (D:4)
  A ball python (D:2)
  4 bats
  6 frilled lizards
  8 kobolds
  5 rats
92 creatures vanquished.

Notes
Turn   | Place    | Note
-------+----------+-------------------------------------------
     0 | D:1      | Aksej the Demonspawn Gladiator began the quest for the Orb.
     0 | D:1      | Reached XP level 1. HP: 16/16 MP: 1/1
   118 | D:1      | Reached skill level 3 in Axes
   161 | D:1      | Gained mutation: You have sharp toenails. [demonic ancestry]
   161 | D:1      | Reached XP level 2. HP: 22/22 MP: 2/2
   384 | D:1      | Gained mutation: You are immune to rotting. [demonic ancestry]
   384 | D:1      | Reached XP level 3. HP: 26/27 MP: 3/3
  1209 | D:2      | Found a glowing silver altar of Zin.
  1216 | D:2      | Reached skill level 4 in Axes
  1219 | D:2      | Found a shadowy altar of Dithmenos.
  1256 | D:2      | Gained mutation: You have razor-sharp toenails. [demonic ancestry]
  1256 | D:2      | Reached XP level 4. HP: 28/33 MP: 4/4
  1313 | D:2      | Found an ancient bone altar of Kikubaaqudgha.
  1711 | D:3      | Found an opulent altar of Gozag.
  1952 | D:3      | Reached XP level 5. HP: 16/38 MP: 5/5
  2317 | D:3      | Reached skill level 1 in Armour
  2373 | D:3      | Reached skill level 5 in Axes
  2529 | D:3      | Found a sparkling altar of Nemelex Xobeh.
  2529 | D:3      | Noticed Jessica
  2534 | D:3      | Killed Jessica
  2534 | D:3      | Gained mutation: You may emit foul miasma when damaged in melee. [demonic ancestry]
  2534 | D:3      | Reached XP level 6. HP: 46/46 MP: 6/6
  2581 | D:3      | Noticed TheForgottenOwl's ghost (amateur MiFi)
  2591 | D:3      | Killed TheForgottenOwl's ghost
  2591 | D:3      | Reached skill level 6 in Axes
  2683 | D:3      | Found an iron altar of Okawaru.
  2683 | D:3      | Found a faded altar of an unknown god.
  2704 | D:3      | Found a faded altar of an unknown god.
  2706 | D:3      | Found a faded altar of an unknown god.
  2708 | D:3      | Found a faded altar of an unknown god.
  3164 | D:4      | Found Efunaiz's Jewellery Shoppe.
  3171 | D:4      | Reached XP level 7. HP: 44/51 MP: 7/7
  3709 | D:4      | Found a burning altar of Makhleb.
  3710 | D:4      | Found a radiant altar of Vehumet.
  3729 | D:4      | Reached skill level 7 in Axes
  3782 | D:4      | HP: 2/52 [poisoned by a gnoll sergeant]
  3782 | D:4      | Slain by a gnoll

Skill      XL: |  1  2  3  4  5  6  7 |
---------------+----------------------+-----
Axes           | 3 4 5 6 7 |  7.2
Throwing       | 2 |  2.1
Armour         | 1 2 |  2.2
Fighting       | 3 |  3.2
Dodging        | |  2.9

Action                   |  1- 3 |  4- 6 |  7- 9 || total
-------------------------+-------+-------+-------++-------
Melee: War axe           |    80 |   155 |    61 ||   296
       Kick              |    19 |    38 |    13 ||    70
Throw: Throwing net      |     1 |     3 |       ||     4
       Tomahawk          |       |       |     6 ||     6
       Javelin           |       |       |     1 ||     1
  Use: Scroll            |     4 |     3 |       ||     7
       Potion            |     2 |     6 |     3 ||    11
  Eat: Chunk             |     1 |     6 |     3 ||    10
Armor: Leather armour    |    21 |       |       ||    21
       Scale mail        |     1 |    71 |    29 ||   101
Dodge: Dodged            |    45 |    74 |    42 ||   161
